 Dungeon Crawl Stone Soup version 0.26-a0-971-g1d9d62bb61 (webtiles) character file.

Game seed: 6915767248691153830

22100 dickylongcocking the Tainter (level 13, 0/104 HPs)
             Began as a Formicid Venom Mage on Dec 4, 2020.
             Was an Initiate of Gozag.
             Slain by a grey draconian monk (28 damage)
             ... summoned by old memories
             ... in a wizard's laboratory.
             The game lasted 00:24:25 (19616 turns).

dickylongcocking the Tainter (Formicid Venom Mage) Turns: 19616, Time: 00:24:26

Health: 0/104      AC: 12    Str: 15    XL:     13   Next: 25%
Magic:  7/26       EV: 11    Int: 22    God:    Gozag
Gold:   2212       SH: 11    Dex: 13    Spells: 20/31 levels left

rFire    + + .     SeeInvis +   w - +4 battleaxe (freeze)
rCold    + . .     Faith    .   E - +0 kite shield
rNeg     . . .     Spirit   .   e - +1 ring mail {rF+}
rPois    +         Reflect  .   (helmet unavailable)
rElec    .         Harm     .   S - +0 cloak {rPois}
rCorr    .         Rampage  .   Q - +0 pair of gloves
MR       +....                  P - +0 pair of boots
Stlth    +.........             R - amulet "Juod" {Acrobat rF+ Dex+2}
HPRegen  0.27/turn              z - ring of flight
MPRegen  0.20/turn              y - ring of protection from cold

@: radiating poison, lightly drained
A: permanent stasis, dig shafts and tunnels, four strong arms, antennae 3,
clever 1, poison resistance, strong 1
a: Dig, Shaft Self, Potion Petition, Call Merchant, Bribe Branch, Renounce
Religion, Evoke Flight


You were in a wizard's laboratory.
You worshipped Gozag.
Gozag was most pleased with you.
You visited 4 branches of the dungeon, and saw 13 of its levels.
You also visited: Wizlab.

You collected 3194 gold pieces.
You spent 477 gold pieces at shops.
You paid 505 gold pieces to Gozag.

Inventory:

Hand Weapons
 n - a +3 demon whip of freezing
 w - a +4 battleaxe of freezing (weapon)
 A - a +1 dagger of electrocution
 L - a +2 dire flail
 V - a +2 vampiric battleaxe
Armour
 a - a +0 robe
 c - a +0 leather armour
 e - a +1 ring mail of fire resistance (worn)
 f - a +1 cloak
 u - a +0 ring mail
 E - a +0 kite shield (worn)
 P - a +0 pair of boots (worn)
 Q - a +0 pair of gloves (worn)
 S - a +0 cloak of poison resistance (worn)
Magical Staves
 D - an uncursed staff of earth
 I - an uncursed staff of cold
Jewellery
 v - an uncursed amulet of guardian spirit
 y - a ring of protection from cold (right hand)
 z - a ring of flight (left hand)
 F - an uncursed amulet of regeneration {unknown}
 M - a cursed amulet of inaccuracy {unknown}
 R - the amulet "Juod" (around neck) {Acrobat rF+ Dex+2}
   (You acquired it on level 8 of the Dungeon)

   [amulet of the acrobat]

   It helps you evade while moving and waiting.
   It affects your dexterity (+2).
   It protects you from fire.
Wands
 p - a wand of digging (3)
 K - a wand of acid (6)
 N - a wand of enslavement (14)
 T - a wand of random effects (8)
Scrolls
 b - a scroll of holy word
 d - 5 scrolls of enchant weapon
 j - a scroll of torment
 m - 3 scrolls of magic mapping
 o - 4 scrolls of teleportation
 q - a scroll of fog
 r - 9 scrolls of remove curse
 C - a scroll of noise
 G - 3 scrolls of enchant armour
 H - 2 scrolls of amnesia
 U - a scroll of fear
Potions
 g - a potion of berserk rage
 k - a potion of attraction
 l - 4 potions of might
 t - 2 potions of brilliance
 x - 3 potions of haste
 B - 4 potions of curing
 J - 2 potions of invisibility
 O - 3 potions of lignification {unknown}
Miscellaneous
 h - a phantom mirror


   Skills:
 * Level 10.5(10.2) Fighting
 - Level 0.3(0.0) Short Blades
 * Level 3.0(2.7) Axes
 * Level 10.5(10.1) Armour
 - Level 2.1(1.8) Dodging
 - Level 2.5(2.2) Stealth
 - Level 9.0(8.6) Shields
 * Level 9.8(9.5) Spellcasting
 - Level 1.5(1.2) Transmutations
 * Level 13.6(13.2) Poison Magic


You had 20 spell levels left.
You knew the following spells:

 Your Spells              Type           Power        Failure   Level
a - Sting                 Tmut/Pois      ####         1%          1
d - Olgreb's Toxic Radia  Pois           ######..     1%          4
i - Ignite Poison         Fire/Tmut/Pois ####....     4%          3
x - Mephitic Cloud        Conj/Pois/Air  ####....     6%          3

Your spell library contained the following spells:

 Spells                   Type           Power        Failure   Level
 Poisonous Vapours        Pois/Air       #####.       1%          2
 Foxfire                  Conj/Fire      ##..         12%         1
 Sandblast                Erth           ##....       12%         1
 Passwall                 Tmut/Erth      ##......     14%         2
 Conjure Flame            Conj/Fire      ##......     34%         3
 Inner Flame              Hex/Fire       ##......     34%         3
 Stone Arrow              Conj/Erth      ##....       34%         3
 Petrify                  Tmut/Erth      ##......     65%         4
 Sticky Flame             Conj/Fire      ##......     75%         4
 Fireball                 Conj/Fire      ##........   97%         5
 Lee's Rapid Deconstruct  Erth           ##........   97%         5


Dungeon Overview and Level Annotations

Branches:
Dungeon (9/15)             Temple (1/1) D:5             Orc (2/2) D:9
    Elf (1/3) Orc:2        WizLab (1/1)
   Lair: D:8-11

Altars:
Ashenzari
Cheibriados
Dithmenos
Elyvilon
Fedhas
Gozag
Hepliaklqana
Kikubaaqudgha
Makhleb
Nemelex Xobeh
Okawaru
Qazlal
Ru
Sif Muna
Trog
Uskayaw
Vehumet
Wu Jian
Xom
Yredelemnul
Zin
The Shining One

Shops:
D:5 [   D:7 }   Orc:2 (:??

Portals:
Pandemonium: Orc:2

Annotations:
D:6 1 runed translucent door, iamoutofideas's ghost, novice DEFE


Innate Abilities, Weirdness & Mutations

You cannot be hasted, slowed, berserked, paralysed or teleported.
You can dig through walls and to a lower floor.
Your four strong arms can wield two-handed weapons with a shield.
You have a pair of large antennae on your head. (SInv)
Your mind is acute. (Int +2)
Your system is resistant to poisons. (rPois)
Your muscles are strong. (Str +2)


Message History

You block the grey draconian monk's attack.
The grey draconian monk kicks you!
* * * LOW HITPOINT WARNING * * *
The grey draconian monk tail-slaps you.
* * * LOW HITPOINT WARNING * * *
The grey draconian monk tail-slaps you but does no damage.
Unknown command.
Unknown command.
Unknown command.
Casting: Olgreb's Toxic Radiance (mildly dangerous; 1% risk of failure)
Confirm with . or Enter, or press ? or * to list all spells.
You ignite the poison in your surroundings!
The grey draconian monk seems to burn from within!!!
The grey draconian monk is severely wounded.
The deep troll seems to burn from within!!!
You kill the deep troll!
The deep troll's corpse dissolves into shadows!
The grey draconian monk is poisoned.
The grey draconian monk hits you!!
You die...
Your body crumbles into a pile of gold.

. #####
....♣♣##...##
......q@.∩..#
....♣♣##...##
. #####


You could see a grey draconian monk (summoned, poisoned).

Vanquished Creatures
  6 orc high priests (Orc:2)
  Pikel (D:7)
  A torturous demonspawn (Orc:2)
  An infernal demonspawn (Orc:2)
  4 orc knights (Orc:2)
  6 orc sorcerers
  A deep elf mage (Elf:1)
  A manticore (D:7)
  Maurice (Orc:2)
  An ice devil (Orc:2)
  A hellwing (Orc:1)
  A red devil (Orc:2)
  3 trolls
  A fire elemental (Elf:1)
  A neqoxec (Orc:2)
  2 water moccasins
  38 orc warriors
  3 ice beasts
  A black bear (D:8)
  4 sky beasts
  9 ogres
  4 phantoms
  3 centaurs
  A big kobold (D:9)
  A lemure (D:7)
  10 bullfrogs
  3 gnoll sergeants (D:9)
  2 scorpions
  13 killer bees
  4 wights (D:6)
  6 howler monkeys
  2 electric eels (D:6)
  A jelly (D:5)
  A bullfrog zombie (D:5)
  A hound (D:8)
  2 centaur skeletons (D:5)
  31 orc priests
  A bullfrog skeleton (D:7)
  Jessica (D:2)
  Terence (D:2)
  2 iguanas
  9 worker ants
  22 orc wizards
  A hound zombie (D:4)
  2 hound skeletons
  8 gnolls
  11 adders
  2 shadow imps
  2 white imps
  An ufetubus (D:9)
  An ooze (D:5)
  An adder zombie (D:8)
  2 worms
  3 dart slugs
  5 leopard geckos
  82 orcs
  11 bats
  A bat zombie (D:8)
  6 giant cockroaches
  8 goblins
  7 hobgoblins
  16 jackals
  10 kobolds
  3 quokkas
  2 frilled lizards
  A jackal skeleton (D:4)
  A leopard gecko zombie (D:8)
  3 rats
  A rat zombie (D:8)
399 creatures vanquished.

Vanquished Creatures (others)
  5 plants
  2 withered plants (D:6)
7 creatures vanquished.

Grand Total: 406 creatures vanquished

Notes
Turn   | Place    | Note
-------+----------+-------------------------------------------
     0 | D:1      | dickylongcocking the Formicid Venom Mage began the quest
                  | for the Orb.
     0 | D:1      | Reached XP level 1. HP: 13/13 MP: 3/3
   473 | D:1      | Reached XP level 2. HP: 14/19 MP: 0/5
   777 | D:1      | Reached XP level 3. HP: 24/24 MP: 6/6
  1677 | D:2      | Found a sparkling altar of Nemelex Xobeh.
  1821 | D:2      | Reached skill level 5 in Poison Magic
  1821 | D:2      | Reached XP level 4. HP: 25/30 MP: 1/7
  1885 | D:2      | Noticed Jessica
  1896 | D:2      | Killed Jessica
  2077 | D:2      | Reached skill level 6 in Poison Magic
  2146 | D:2      | Noticed Terence
  2177 | D:2      | Gained mutation: Your mind is acute. (Int +2) [potion of
                  | mutation]
  2177 | D:2      | Gained mutation: Your muscles are strong. (Str +2) [potion
                  | of mutation]
  2177 | D:2      | Gained mutation: Your system is resistant to poisons.
                  | (rPois) [potion of mutation]
  2190 | D:2      | Killed Terence
  2191 | D:2      | Reached XP level 5. HP: 35/35 MP: 0/8
  2840 | D:3      | Reached skill level 1 in Armour
  2932 | D:3      | Found a bloodstained altar of Trog.
  3042 | D:3      | Reached skill level 1 in Fighting
  3554 | D:3      | Found a stormy altar of Qazlal.
  3850 | D:4      | Reached skill level 7 in Poison Magic
  3850 | D:4      | Reached XP level 6. HP: 44/44 MP: 2/9
  3955 | D:3      | Learned a level 4 spell: Olgreb's Toxic Radiance
  4205 | D:4      | Noticed a phantom
  4211 | D:4      | Learned a level 3 spell: Mephitic Cloud
  4239 | D:4      | Killed a phantom
  4240 | D:4      | Reached XP level 7. HP: 38/51 MP: 4/11
  4551 | D:4      | Learned a level 3 spell: Ignite Poison
  5359 | D:4      | Reached skill level 8 in Poison Magic
  5669 | D:4      | Found a snail-covered altar of Cheibriados.
  5757 | D:5      | Entered Level 5 of the Dungeon
  5824 | D:5      | Found Boukkox's Armour Emporium.
  5829 | D:5      | Bought a +0 kite shield for 63 gold pieces
  5854 | D:5      | Reached XP level 8. HP: 50/59 MP: 1/13
  6355 | D:5      | Reached skill level 1 in Shields
  6653 | D:5      | Reached skill level 9 in Poison Magic
  6653 | D:5      | Reached XP level 9. HP: 56/67 MP: 3/16
  6754 | D:5      | Reached skill level 5 in Armour
  6755 | D:5      | Reached skill level 5 in Fighting
  6755 | D:5      | Reached skill level 5 in Spellcasting
  7150 | D:5      | Found a staircase to the Ecumenical Temple.
  7233 | Temple   | Entered the Ecumenical Temple
  7440 | Temple   | Became a worshipper of Gozag Ym Sagoz the Greedy
  8857 | D:6      | Found a runed translucent door.
  8857 | D:6      | Noticed iamoutofideas's ghost (novice DEFE)
  9260 | D:7      | Noticed Pikel
  9266 | D:7      | Killed Pikel
  9267 | D:7      | Reached skill level 5 in Shields
  9267 | D:7      | Reached skill level 10 in Poison Magic
  9267 | D:7      | Reached XP level 10. HP: 77/77 MP: 1/19
  9531 | D:7      | Identified the cursed +0 chain mail of the Komodo Dragon
                  | {+Blink Dex+3}
  9793 | D:7      | Identified the +4 ring mail "Waprer" {Str+6 Dex+4}
  9934 | D:7      | Noticed a manticore
  9940 | D:7      | Killed a manticore
 10371 | D:7      | Found Mibluar's Gadget Emporium.
 11983 | D:8      | Reached skill level 11 in Poison Magic
 12132 | D:8      | Found an ancient bone altar of Kikubaaqudgha.
 12660 | D:8      | Identified a scroll of acquirement
 12661 | D:8      | Acquired the amulet "Juod" {Acrobat rF+ Dex+2}
 12681 | D:9      | Reached XP level 11. HP: 84/84 MP: 13/21
 13909 | D:9      | Found a staircase to the Orcish Mines.
 14493 | Orc:1    | Entered Level 1 of the Orcish Mines
 14497 | Orc:1    | Noticed an orc sorcerer
 14501 | Orc:1    | Killed an orc sorcerer
 14680 | Orc:1    | Found a radiant altar of Vehumet.
 15022 | Orc:2    | Entered Level 2 of the Orcish Mines
 15721 | Orc:2    | Noticed Maurice
 15733 | Orc:2    | Killed Maurice
 15734 | Orc:2    | Reached skill level 12 in Poison Magic
 15909 | Orc:2    | Noticed an orc knight
 15913 | Orc:2    | Killed an orc knight
 16226 | Orc:2    | Found Xaxkeum's Magic Scroll Shoppe.
 16227 | Orc:2    | Found Pygeast Atzu's Magic Scroll Emporium.
 16231 | Orc:2    | Reached XP level 12. HP: 94/94 MP: 10/24
 16244 | Orc:2    | Bought a scroll of enchant armour for 112 gold pieces
 16244 | Orc:2    | Bought a scroll of enchant weapon for 112 gold pieces
 16245 | Orc:2    | Bought a scroll of fear for 52 gold pieces
 17403 | Orc:2    | Noticed an orc high priest
 17509 | Orc:2    | Noticed a sun demon
 17521 | Orc:2    | Noticed an orc high priest
 17548 | Orc:2    | Noticed a sun demon
 17550 | Orc:2    | Noticed a soul eater
 17566 | Orc:2    | Killed an orc high priest
 17847 | Orc:2    | Noticed an orc high priest
 17851 | Orc:2    | Killed an orc high priest
 17852 | Orc:2    | Reached skill level 13 in Poison Magic
 18200 | Orc:2    | Found a staircase to the Elven Halls.
 18209 | Orc:2    | Reached skill level 10 in Fighting
 18220 | Orc:2    | Reached skill level 10 in Armour
 18453 | Orc:2    | Noticed an orc high priest
 18464 | Orc:2    | Noticed a sun demon
 18465 | Orc:2    | Noticed a sun demon
 18466 | Orc:2    | Killed an orc high priest
 18610 | Orc:2    | Noticed a soul eater
 18610 | Orc:2    | Killed an orc high priest
 18611 | Orc:2    | Reached skill level 1 in Axes
 18825 | Orc:2    | Noticed a torturous demonspawn
 18827 | Orc:2    | Noticed an infernal demonspawn
 18828 | Orc:2    | Noticed an orc high priest
 18831 | Orc:2    | Killed a torturous demonspawn
 18832 | Orc:2    | Killed an orc high priest
 18833 | Orc:2    | Reached XP level 13. HP: 103/103 MP: 1/26
 19012 | Orc:2    | Found Sielirr's Antique Weapon Boutique.
 19012 | Orc:2    | Found a one-way gate leading to the halls of Pandemonium.
 19012 | Orc:2    | Found Diderik's Book Shop.
 19463 | Orc:2    | Bought a scroll of identify for 24 gold pieces
 19463 | Orc:2    | Bought a scroll of identify for 24 gold pieces
 19466 | Orc:2    | Bought a scroll of holy word for 90 gold pieces
 19491 | Elf:1    | Entered Level 1 of the Elven Halls
 19502 | Elf:1    | Noticed a sphinx
 19502 | Elf:1    | Noticed a six-headed hydra
 19532 | Elf:1    | Found a magical portal.
 19567 | WizLab   | Entered Wucad Mu's Monastery
 19611 | WizLab   | Noticed a grey draconian monk
 19616 | WizLab   | Slain by a grey draconian monk

Illustrated notes

Levels and vault maps discovered:
D:1:      shiori_arrival_elements, layout_basic, serial_forest,
          infiniplex_forest_straight_5, infiniplex_forest_corner_2,
          infiniplex_forest_clump_C, infiniplex_forest_straight_5,
          infiniplex_forest_lined_room_2, infiniplex_forest_end_double,
          infiniplex_forest_lined_corner, infiniplex_forest_clump_diagonal
D:2:      layout_loops_ring, lemuel_doored_altar, uniq_terence, uniq_jessica
D:3:      layout_basic, nicolae_qazlal_general_emergency, trog_book
D:4:      layout_basic, kennysheep_slug_shrine, minmay_misc_feat_ornament
D:5:      layout_basic, minmay_temple_entry_statues_fountains, serial_shops,
          nicolae_shop_crystal, zaba_anthole
D:6:      layout_loops_ring, gammafunk_ghost_grave, serial_bayou_lake_a
D:7:      layout_basic, serial_shops, shop, minmay_chambers_of_fives, uniq_pikel
D:8:      layout_basic, lemuel_zombie_altar_kikubaaqudgha
D:9:      layout_grid_maze, kennysheep_orc_monster_closet_entryway
Temple:   dpeg_five_rooms_temple
Orc:1:    layout_diamond_mine, basic_altar, mines2_lemuel
Orc:2:    pf_orc_diabolical, layout_diamond_mine, uniq_maurice
Elf:1:    layout_rooms, mu_enter_wizlab_1, special_room
          [special_room_mythical_zoo], evilmike_minifort, uniq_donald,
          uniq_frances, uniq_louise
WizLab:   wizlab_wucad

Skill      XL: |  1  2  3  4  5  6  7  8  9 10 11 12 13 |
---------------+----------------------------------------+-----
Dodging        | 2 |  2.1
Poison Magic   | 5 6 7 8 9 10 11 12 13 | 13.6
Armour         | 1 2 3 4 6 7 9 10 | 10.5
Fighting       | 1 2 3 4 6 7 8 10 | 10.5
Spellcasting   | 3 4 6 7 8 9 |  9.8
Shields        | 2 5 6 8 9 |  9.0
Axes           | 1 3 |  3.0
Short Blades   | |  0.3
Stealth        | |  2.5
Transmutations | |  1.5

Action                   |  1- 3 |  4- 6 |  7- 9 | 10-12 | 13-15 || total
-------------------------+-------+-------+-------+-------+-------++-------
Melee: Dagger            |    36 |    25 |   126 |       |       ||   187
       Unarmed           |     2 |       |       |       |       ||     2
       Short sword       |       |    21 |       |       |       ||    21
       Dire flail        |       |       |     4 |   153 |       ||   157
       Battleaxe         |       |       |       |     2 |    13 ||    15
       Demon whip        |       |       |       |       |    11 ||    11
 Cast: Sting             |    63 |    75 |    25 |    46 |     2 ||   211
       Olgreb's Toxic Ra |       |     2 |    34 |   115 |    11 ||   162
       Ignite Poison     |       |       |    32 |    96 |     9 ||   137
       Mephitic Cloud    |       |       |     7 |     2 |       ||     9
Invok: Potion Petition   |       |       |       |       |     2 ||     2
 Abil: Dig               |       |       |       |     2 |       ||     2
Evoke: Wand              |       |       |       |    12 |       ||    12
  Use: Scroll            |     5 |       |       |    13 |     3 ||    21
       Potion            |       |     2 |       |     4 |     1 ||     7
 Stab: Sleeping          |     1 |     1 |       |       |       ||     2
       Distracted        |       |       |       |     2 |     1 ||     3
Armor: Leather armour    |    36 |     9 |       |       |       ||    45
       Ring mail         |       |    19 |    73 |    91 |    19 ||   202
Dodge: Dodged            |    87 |    51 |   106 |   120 |    16 ||   380
Block: Kite shield       |       |       |     1 |   157 |    21 ||   179

Table legend: (Time is in decaauts)
 A = Elapsed time spent in this place.
 B = Non-inter-level travel time spent in this place.
 C = Inter-level travel time spent in this place.
 D = Time resting spent in this place.
 E = Time spent auto-exploring this place.
 F = Levels seen in this place.
 G = Mean time per level.
                   A        B        C        D        E       F      G
               +--------+--------+--------+--------+--------+-----+--------+
         Total |  19738 |  18798 |    940 |   3806 |  12000 |  14 | 1409.9 |
       Dungeon |  14487 |  13872 |    615 |   2182 |   9593 |   9 | 1609.7 |
        Temple |    301 |    221 |     80 |      0 |    218 |   1 |  301.0 |
  Orcish Mines |   4825 |   4582 |    243 |   1593 |   2180 |   2 | 2412.5 |
   Elven Halls |     76 |     76 |      0 |      0 |      9 |   1 |   76.0 |
        Wizlab |     48 |     48 |      0 |     31 |      0 |   1 |   48.0 |
               +--------+--------+--------+--------+--------+-----+--------+

Top non-repeatable levels by time:
   Orc:2: 3294 daAuts
     D:4: 2301 daAuts
     D:7: 1911 daAuts
     D:9: 1827 daAuts
     D:8: 1815 daAuts
     D:1: 1543 daAuts
   Orc:1: 1530 daAuts
     D:6: 1373 daAuts
     D:5: 1359 daAuts
     D:2: 1240 daAuts
     D:3: 1115 daAuts
  Temple: 301 daAuts
   Elf:1: 76 daAuts
  WizLab: 48 daAuts
